AoeStats
← Pocket Hunter

Arabian Desert

509431966Analyzed
1v1 RM · 5d ago on Sep 26, 2026· 66m 21s· 2 players
Game mode
Random Map
Map size
Tiny (2 player)
Population
200
Speed
Normal
Resources
Standard
Victory
Conquest
Starting age
Dark Age
Ending age
Imperial Age
RankedLock teamsTeams togetherTeam positionsShared explorationLock speedFull tech treeHidden civsTurbo modeCheats
Victory
Defeat
🇺🇸 Ethiopians · United States
702
+16
🇧🇷 Poles · Brazil
693
-16
GrayFoxRCS
11:27 Feudal Age
17:33 Double-Bit Axe
18:55 Bloodlines
21:07 Castle Age
19:47 Forging
19:44 Scale Barding Armor
19:28 Horse Collar
20:55 Bloodlines
20:51 Stone Mining
20:54 Gold Mining
21:25 Light Cavalry
23:24 Husbandry
25:50 Iron Casting
25:39 Bow Saw
26:27 Stone Shaft Mining
27:29 Wheelbarrow
26:40 Town Watch
26:41 Loom
31:06 Chain Barding Armor
31:52 Fletching
32:03 Padded Archer Armor
32:35 Ballistics
32:11 Murder Holes
34:56 Imperial Age
33:15 Hand Cart
33:01 Town Patrol
33:46 Treadmill Crane
34:30 Bodkin Arrow
34:37 Scale Mail Armor
34:53 Leather Archer Armor
34:51 Szlachta Privileges
35:16 Heavy Plow
36:06 Conscription
37:24 Crop Rotation
36:46 Arrowslits
37:13 Masonry
38:49 Squires
38:35 Arson
39:16 Lechitic Legacy
38:20 Elite Obuch
39:38 Winged Hussar
41:27 Blast Furnace
40:43 Chain Mail Armor
40:29 Bracer
41:44 Chemistry
40:35 Guard Tower
40:56 Fortified Wall
40:52 Cavalier
42:12 Heavy Mounted Crossbowman
42:58 Thumb Ring
57:55 Hoardings
Pocket Hunter
0:26 Loom
11:58 Feudal Age
15:48 Castle Age
14:09 Horse Collar
14:59 Gold Mining
15:28 Double-Bit Axe
16:38 Fletching
17:09 Town Watch
24:17 Heavy Plow
28:23 Wheelbarrow
28:09 Husbandry
30:04 Bodkin Arrow
30:32 Ballistics
30:37 Bow Saw
30:37 Stone Mining
31:33 Murder Holes
32:42 Gold Shaft Mining
33:05 Hand Cart
33:25 Padded Archer Armor
32:49 Crossbowman
33:56 Forging
34:37 Squires
34:41 Scale Mail Armor
34:57 Leather Archer Armor
38:55 Imperial Age
38:45 Thumb Ring
39:21 Iron Casting
39:02 Chain Mail Armor
39:24 Sanctity
39:19 Masonry
40:03 Conscription
39:48 Torsion Engines
39:55 Royal Heirs
39:31 Halberdier
40:35 Bracer
41:37 Blast Furnace
41:12 Ring Archer Armor
41:57 Chemistry
41:42 Town Patrol
41:19 Onager
41:52 Elite Shotel Warrior
42:57 Arbalester
44:45 Blast Furnace
44:25 Architecture
45:42 Plate Mail Armor
45:18 Cavalier
45:19 Light Cavalry
62:52 Scale Barding Armor
Connection lost

Rejoining the realm…

Still unreachable

The connection could not be restored.

Session expired

The server has moved on; the page needs a fresh start.